 Dungeon Crawl Stone Soup version 0.25.0-10-g039870ee82 (webtiles) character file.

Game seed: 8659079133499518999

620 shadizar the Insei (level 7, -1/41 HPs)
             Began as an Octopode Transmuter on June 22, 2020.
             Was an Initiate of Okawaru.
             Killed from afar by an orc wizard (6 damage)
             ... with a magic dart
             ... on level 4 of the Dungeon.
             The game lasted 00:11:50 (6256 turns).

shadizar the Insei (Octopode Transmuter)            Turns: 6256, Time: 00:11:51

Health: -1/41      AC:  2    Str: 11      XL:     7   Next: 46%
Magic:  12/12      EV: 13    Int: 14 (16) God:    Okawaru [......]
Gold:   164        SH:  0    Dex:  9 (12) Spells: 9/13 levels left

rFire    . . .     SeeInvis .     - Unarmed
rCold    . . .     Gourm    .   (no shield)
rNeg     . . .     Faith    .   (helmet restricted)
rPois    .         Spirit   .   l - amulet of the acrobat
rElec    .         Reflect  .   q - ring of wizardry
rCorr    .         Harm     .   (no ring)
MR       .....                  (no ring)
Stlth    ++........             (no ring)
HPRegen  0.13/turn              (no ring)
MPRegen  0.13/turn              (no ring)
                                (no ring)
                                (no ring)

@: confused, mighty
A: almost no armour, stealthy swim, amphibious, 8 rings, constrict 8, camouflage
1, deterioration 1, frail 1, screaming 1, shaggy fur 1, gelatinous body 1
a: Renounce Religion


You were on level 4 of the Dungeon.
You worshipped Okawaru.
Okawaru was noncommittal.
You were not hungry.

You visited 2 branches of the dungeon, and saw 6 of its levels.

You collected 164 gold pieces.

Inventory:

Hand Weapons
 f - a +3 whip
Missiles
 a - 55 arrows
Jewellery
 l - an amulet of the acrobat (around mantle)
 q - a ring of wizardry (left tentacle)
Wands
 n - a wand of polymorph (6)
Scrolls
 g - 4 scrolls of teleportation
 j - a scroll of fog {unknown}
 k - 2 scrolls of blinking {unknown}
 m - a scroll of remove curse {unknown}
 o - a scroll of enchant weapon {unknown}
 p - a scroll of enchant armour {unknown}
 s - a scroll of immolation {unknown}
Potions
 b - a potion of brilliance
 d - a potion of stabbing {unknown}
 i - a potion of degeneration
Comestibles
 c - 7 rations
 r - 2 chunks of flesh


   Skills:
 + Level 3.4 Fighting
 - Level 2.0 Dodging
 + Level 1.0 Stealth
 + Level 4.6 Unarmed Combat
 + Level 3.7 Spellcasting
 + Level 3.9 Transmutations
 + Level 3.4 Poison Magic
 + Level 0.7 Invocations


You had 9 spell levels left.
You knew the following spells:

 Your Spells              Type           Power        Failure   Level  Hunger
a - Beastly Appendage     Tmut           ##....       1%          1    None
b - Spider Form           Tmut/Pois      ##........   5%          3    ###....

Your spell library contained the following spells:

 Spells                   Type           Power        Failure   Level  Hunger
 Sticks to Snakes         Tmut           ##......     2%          2    ##.....
 Animate Skeleton         Necr           N/A          9%          1    None
 Apportation              Tloc           #.....       9%          1    None
 Corona                   Hex            #......      9%          1    None
 Summon Small Mammal      Summ           #...         9%          1    None
 Ice Form                 Ice/Tmut       #.......     32%         4    ####...
 Blade Hands              Tmut           ##........   38%         5    ######.


Dungeon Overview and Level Annotations

Branches:
Dungeon (5/15)             Temple (1/1) D:4

Altars:
Dithmenos
Elyvilon
Fedhas
Gozag
Kikubaaqudgha
Makhleb
Okawaru
Ru
Sif Muna
Uskayaw
Wu Jian
Yredelemnul
Zin
The Shining One


Innate Abilities, Weirdness & Mutations

You cannot wear most types of armour.
You are very stealthy in the water. (Stealth+)
You are amphibious.
You can wear up to eight rings at the same time.
You can use your tentacles to constrict eight enemies at once.
Your skin changes colour to match your surroundings (Stealth+).
Your rubbery body absorbs attacks. (AC +1, EV +1)
Your body sometimes deteriorates upon taking damage.
You are frail. (-10% HP)
You occasionally shout uncontrollably at your foes.
You are covered in fur. (AC +1)


Message History

Unknown command.
Unknown command.
Unknown command.
Things that are here:
a +0 war axe; an orc corpse You bump into the rock wall.
Something hits you.
You completely miss something.
You hear some strange, mumbled words.
A magic dart appears from out of thin air!
The magic dart hits you!
* * * LOW HITPOINT WARNING * * *
Your body deteriorates!
You feel dopey.
You feel very mighty all of a sudden. Something hits you.
* * * LOW HITPOINT WARNING * * *
You closely miss something.
You hear some strange, mumbled words.
A magic dart appears from out of thin air!
The magic dart hits you.
You die...

..#..........(.# #...####
...............## ##...#
.......##.##....# #...#
...#......###...# #...##
##.#............####....#
######.........<.#....##
###...............##
#.....#.....##...##
#...........@รท...#
##.....#...){...##
####.##..##...##
#########.## #.# ###


There were no monsters in sight!

Vanquished Creatures
  A sky beast (D:4)
  An orc priest (D:5)
  Ijyb (D:3)
  Terence (D:3)
  3 iguanas
  4 orc wizards (D:4)
  2 worker ants
  A hound skeleton (D:4)
  3 gnolls
  9 adders
  An ooze (D:3)
  An adder skeleton (D:4)
  A worm (D:3)
  A dart slug (D:3)
  A leopard gecko (D:3)
  11 orcs
  A ball python (D:3)
  6 bats
  2 giant cockroaches
  2 hobgoblins
  6 jackals
  A quokka (D:4)
  2 frilled lizards
  11 goblins
  11 kobolds
  6 rats
90 creatures vanquished.

Notes
Turn   | Place    | Note
-------+----------+-------------------------------------------
     0 | D:1      | shadizar the Octopode Transmuter began the quest for the
                  | Orb.
     0 | D:1      | Reached XP level 1. HP: 13/13 MP: 3/3
   365 | D:1      | Reached XP level 2. HP: 18/18 MP: 5/5
  1012 | D:2      | Reached XP level 3. HP: 8/23 MP: 4/6
  1637 | D:2      | Learned a level 3 spell: Spider Form
  1767 | D:2      | Noticed a +0 dagger
  1767 | D:2      | Noticed a +0 hand axe
  1769 | D:2      | Found a hide-covered altar of Uskayaw.
  2182 | D:3      | Noticed Ijyb
  2573 | D:3      | Reached XP level 4. HP: 3/29 MP: 5/7
  2576 | D:3      | Gained mutation: Your body sometimes deteriorates upon
                  | taking damage. [potion of mutation]
  2576 | D:3      | Gained mutation: You are frail. (-10% HP) [potion of
                  | mutation]
  2576 | D:3      | Gained mutation: You occasionally shout uncontrollably at
                  | your foes. [potion of mutation]
  2576 | D:3      | Gained mutation: You are covered in fur. (AC +1) [potion of
                  | mutation]
  2576 | D:3      | HP: 1/26 [poisoned by an adder]
  2863 | D:3      | Killed Ijyb
  2863 | D:3      | Reached skill level 1 in Poison Magic
  2922 | D:3      | Noticed Terence
  2934 | D:3      | Killed Terence
  2934 | D:3      | Reached XP level 5. HP: 18/30 MP: 7/9
  3054 | D:3      | Found an ancient bone altar of Kikubaaqudgha.
  4672 | D:4      | Reached skill level 4 in Unarmed Combat
  4672 | D:4      | Reached XP level 6. HP: 23/36 MP: 8/10
  4803 | D:4      | Found a basalt altar of Yredelemnul.
  4813 | D:4      | Identified the +2 leather armour "Nafyebru" {rPois rF+}
  5490 | D:4      | Found a staircase to the Ecumenical Temple.
  5499 | Temple   | Entered the Ecumenical Temple
  5554 | Temple   | Became a worshipper of Warmaster Okawaru
  5686 | D:4      | Reached XP level 7. HP: 30/41 MP: 12/12
  5809 | D:5      | Entered Level 5 of the Dungeon
  6251 | D:4      | Reached skill level 1 in Stealth
  6256 | D:4      | Killed from afar by an orc wizard

Illustrated notes

Levels and vault maps discovered:
D:1:      eino_arrival_druids_welcome, layout_loops_ring,
          minmay_misc_feat_plants
D:2:      layout_loops_corners, dancing_weapons_uskayaw, eino_tiny_chamber,
          serial_park_tiny_1
D:3:      layout_basic, kiku_gazebo_garden_becter, tgw_xom, uniq_terence,
          uniq_ijyb
D:4:      layout_cave_pools, yredelemnul_altar_generic,
          minmay_temple_entry_crystal_x, first_ration
D:5:      layout_cave_pools, lemuel_crystal_altar, uniq_crazy_yiuf_cottage
Temple:   jpeg_temple_clearing

Skill      XL: |  1  2  3  4  5  6  7 |
---------------+----------------------+-----
Fighting       | 2 3 |  3.4
Poison Magic   | 1 2 3 |  3.4
Transmutations | 3 |  3.9
Spellcasting   | 3 |  3.7
Unarmed Combat | 4 |  4.6
Stealth        | 1 |  1.0
Dodging        | |  2.0
Invocations    | |  0.7

Action                   |  1- 3 |  4- 6 |  7- 9 || total
-------------------------+-------+-------+-------++-------
Melee: Unarmed           |    92 |   138 |    40 ||   270
       Constrict         |    25 |    23 |    13 ||    61
       Tentacles         |     8 |    22 |     5 ||    35
       Kick              |     2 |    10 |     9 ||    21
       Punch             |     1 |     4 |     2 ||     7
 Cast: Beastly Appendage |     3 |     8 |     5 ||    16
       Spider Form       |       |     2 |       ||     2
  Use: Scroll            |     4 |       |       ||     4
       Potion            |       |     5 |     4 ||     9
 Stab: Sleeping          |     2 |     2 |       ||     4
       Distracted        |     1 |       |       ||     1
  Eat: Chunk             |     4 |    10 |     3 ||    17
Armor: Skin              |     9 |    14 |     8 ||    31
Dodge: Dodged            |    68 |   100 |    38 ||   206
